AoeStats
← YouPotato

Arabia

510608983Analyzed
1v1 RM · 10h ago on Oct 1, 2026· 28m 24s· 2 players
Game mode
Random Map
Map size
Tiny (2 player)
Population
200
Speed
Normal
Resources
Standard
Victory
Conquest
Starting age
Dark Age
Ending age
Imperial Age
RankedLock teamsTeams togetherTeam positionsShared explorationLock speedFull tech treeHidden civsTurbo modeCheats
Victory
Defeat
🇺🇸 Cumans · United States
1100
+16
🇺🇸 Sicilians · United States
1096
-16
YouPotato
4:28 Loom
10:25 Feudal Age
10:51 Double-Bit Axe
17:36 Wheelbarrow
19:50 Castle Age
18:04 Scale Mail Armor
19:13 Forging
21:56 Chain Mail Armor
23:23 Iron Casting
23:01 Horse Collar
24:03 Heavy Plow
24:21 Pikeman
25:56 Bow Saw
rafed123
10:15 Feudal Age
11:15 Double-Bit Axe
15:00 Loom
20:45 Castle Age
19:09 Horse Collar
20:45 Wheelbarrow
21:16 Bloodlines
21:18 Forging
22:16 Scale Barding Armor
22:21 Gold Mining
24:17 Iron Casting
26:26 Hand Cart
27:37 Chain Barding Armor
28:03 Town Watch
Connection lost

Rejoining the realm…

Still unreachable

The connection could not be restored.

Session expired

The server has moved on; the page needs a fresh start.